AoeStats
← zamithdaniel

Arena

506931018Analyzed
2v2 RM · 18d ago on Sep 15, 2026· 48m 4s· 4 players
Game mode
Random Map
Map size
Medium (4 player)
Population
200
Speed
Normal
Resources
Standard
Victory
Conquest
Starting age
Dark Age
Ending age
Imperial Age
RankedLock teamsTeams togetherTeam positionsShared explorationLock speedFull tech treeHidden civsTurbo modeCheats
Victory
Defeat
🇮🇹 Wei · Italy
903
+16
🇮🇹 Celts · Italy
873
+17
🇨🇴 Celts · Colombia
931
-18
🇨🇴 Persians · Colombia
873
-15
freakon
3:20 Loom
13:09 Feudal Age
19:25 Castle Age
18:46 Scale Barding Armor
18:54 Forging
18:32 Horse Collar
18:39 Double-Bit Axe
19:01 Gold Mining
19:56 Bloodlines
23:49 Wheelbarrow
23:10 Town Watch
24:27 Bow Saw
24:21 Heavy Plow
28:35 Thumb Ring
28:29 Fletching
31:03 Bodkin Arrow
37:40 Imperial Age
36:22 Chain Barding Armor
36:54 Ballistics
37:16 Hand Cart
38:51 Ming Guang Armor
38:41 Bracer
40:48 Chemistry
39:17 Heavy Hei Guang Cavalry
40:58 Parthian Tactics
41:04 Conscription
42:38 Iron Casting
42:05 Padded Archer Armor
42:11 Town Patrol
42:49 Husbandry
42:23 Light Cavalry
43:46 Tuntian
44:38 Elite Tiger Cavalry
46:50 Capped Ram
ARGON32
1:31 Loom
14:04 Feudal Age
14:31 Double-Bit Axe
14:35 Town Watch
14:32 Horse Collar
16:01 Gold Mining
16:04 Stone Mining
19:14 Wheelbarrow
20:11 Forging
23:22 Castle Age
22:55 Forging
22:53 Scale Barding Armor
22:50 Fletching
24:18 Heavy Plow
24:30 Bow Saw
24:59 Gold Shaft Mining
24:46 Caravan
25:44 Pikeman
27:46 Ballistics
27:52 Fortified Wall
27:46 Husbandry
29:22 Fervor
29:10 Bodkin Arrow
31:10 Iron Casting
32:11 Murder Holes
38:10 Imperial Age
37:23 Hand Cart
38:02 Chain Barding Armor
39:19 Siege Engineers
40:50 Blast Furnace
41:10 Furor Celtica
41:53 Heavy Scorpion
43:13 Halberdier
44:57 Chemistry
45:48 Conscription
45:09 Elite Woad Raider
46:21 Scale Mail Armor
Griffith
12:48 Feudal Age
14:18 Loom
21:27 Castle Age
20:16 Padded Archer Armor
20:09 Fletching
31:56 Wheelbarrow
31:42 Leather Archer Armor
31:22 Bodkin Arrow
31:33 Scale Barding Armor
35:17 Imperial Age
32:34 Loom
35:45 Chain Barding Armor
37:38 Chemistry
36:58 Ballistics
37:16 Plate Barding Armor
37:12 Ring Archer Armor
38:27 Conscription
38:07 Horse Collar
38:17 Double-Bit Axe
40:03 Elite War Elephant
zamithdaniel
10:45 Feudal Age
11:15 Horse Collar
11:22 Double-Bit Axe
19:05 Castle Age
17:42 Stone Mining
17:46 Gold Mining
19:53 Loom
21:06 Forging
20:57 Scale Mail Armor
24:30 Iron Casting
24:11 Chain Mail Armor
24:44 Bow Saw
31:08 Heavy Plow
34:37 Imperial Age
32:27 Town Watch
33:19 Wheelbarrow
33:46 Wheelbarrow
33:44 Scale Barding Armor
36:36 Chain Barding Armor
37:18 Blast Furnace
35:42 Cavalier
36:37 Husbandry
37:29 Hand Cart
37:21 Paladin
39:12 Gold Shaft Mining
44:32 Elite Skirmisher
45:30 Fletching
45:41 Padded Archer Armor
47:48 Bodkin Arrow
48:08 Leather Archer Armor
Connection lost

Rejoining the realm…

Still unreachable

The connection could not be restored.

Session expired

The server has moved on; the page needs a fresh start.